 Dungeon Crawl Stone Soup version 0.29.1-1-gd02db6906a (webtiles) character file.

Game seed: 11228203451885051678

1283 Larmestyx the Purveyor of Pain (level 8, 0/63 HPs)
             Began as a Demonspawn Necromancer on Oct 4, 2022.
             Was an Initiate of Kikubaaqudgha.
             Slain by a gnoll
             ... wielding a +1 vorpal flail
             ... led by a gnoll bouda
              (3 damage)
             ... on level 6 of the Dungeon.
             The game lasted 00:45:09 (4954 turns).

Larmestyx the Purveyor of Pain (DsNe)               Turns: 4954, Time: 00:45:11

Health: 0/63       AC:  4    Str:  8    XL:     8   Next: 29%
Magic:  16/16      EV: 12    Int: 26    God:    Kikubaaqudgha [......]
Gold:   321        SH:  0    Dex: 13    Spells: 10/18 levels left

rFire   . . .      SeeInvis .   t - +4 dagger (venom)
rCold   . . .      Faith    .   (no shield)
rNeg    . . .      Spirit   .   a - +0 robe
rPois   .          Reflect  .   y - +0 helmet
rElec   .          Harm     .   c - +0 cloak
rCorr   .          Rampage  .   (gloves unavailable)
Will    .....                   (no boots)
Stlth   ++........              (no amulet)
HPRegen 0.20/turn               p - +6 ring of intelligence
MPRegen 0.15/turn               (no ring)

@: about to teleport, animating dead
A: powered by death 1, powered by pain 1, demonic touch 3
a: Renounce Religion


You were on level 6 of the Dungeon.
You worshipped Kikubaaqudgha.
Kikubaaqudgha was noncommittal.
You visited 2 branches of the dungeon, and saw 7 of its levels.

You collected 377 gold pieces.
You spent 56 gold pieces at shops.

Inventory:

Hand Weapons
 t - a +4 dagger of venom (weapon)
 A - a +2 dagger of pain
Missiles
 e - 65 stones
 j - 21 poisoned darts
Armour
 a - a +0 robe (worn)
 c - a +0 cloak (worn)
 y - a +0 helmet (worn)
 B - a +0 helmet
Magical Staves
 x - a staff of conjuration
Jewellery
 p - a +6 ring of intelligence (left hand)
Wands
 r - a wand of roots (6)
 D - a wand of flame (15)
 E - a wand of paralysis (7)
Scrolls
 d - 2 scrolls of teleportation
 k - a scroll of brand weapon {unknown}
 l - 2 scrolls of butterflies {unknown}
 o - 3 scrolls of vulnerability {unknown}
 q - a scroll of enchant armour {unknown}
 w - a scroll of enchant weapon {unknown}
 C - 2 scrolls of noise {unknown}
Potions
 b - 2 potions of magic
 f - 2 potions of attraction
 g - 3 potions of curing
 h - 3 potions of brilliance
 i - 2 potions of heal wounds
 m - 2 potions of resistance {unknown}
 n - a potion of invisibility
 s - 2 potions of flight
 u - a potion of lignification {unknown}
Miscellaneous
 v - a piece from Xom's chessboard (15/15)


   Skills:
 + Level 5.5 Fighting
 - Level 1.7 Dodging
 - Level 1.7 Stealth
 + Level 5.5 Spellcasting
 + Level 7.6 Necromancy
 + Level 1.2 Evocations


You had 10 spell levels left.
You knew the following spells:

 Your Spells              Type           Power      Damage    Failure   Level
a - Necrotise             Necr           100%       1d9       1%          1
b - Vampiric Draining     Necr           47%        2d9       1%          3
c - Animate Dead          Necr           47%        N/A       3%          4

Your spell library contained the following spells:

 Spells                   Type           Power      Damage    Failure   Level
 Agony                    Necr           47%        N/A       9%          5


Dungeon Overview and Level Annotations

Branches:
Dungeon (6/15)             Temple (1/1) D:5

Altars:
Ashenzari
Cheibriados
Dithmenos
Fedhas
Gozag
Hepliaklqana
Kikubaaqudgha
Nemelex Xobeh
Okawaru
Qazlal
Ru
Sif Muna
Trog
Uskayaw
Vehumet
Wu Jian
Xom
Yredelemnul

Shops:
D:3 ?


Innate Abilities, Weirdness & Mutations

You regenerate a little health from kills.
You sometimes gain a little power by taking damage.
Your touch may irresistibly damage your foes and sap their willpower.


Message History

Your kobold zombie closely misses the lemure.
The lemure closely misses you. The lemure hits your kobold zombie!
Your kobold zombie is destroyed!
You closely miss the lemure.
You touch the lemure!
You kill the lemure!
That felt strangely unrewarding.
Casting: Vampiric Draining (safe; 1% risk of failure)
Confirm with . or Enter, or press ? or * to list all spells.
You call upon the dead to rise.
The gnoll shouts!
The gnoll hits you with a +1 vorpal flail!
The lemure barely misses you.
You hit the gnoll.
The gnoll is moderately wounded.
The gnoll hits you with a +1 vorpal flail!
You focus on the pain.
You feel your power returning. The lemure closely misses you.
The gnoll hits you from afar with a +0 spear.
The lemure hits you.
You hit the gnoll.
The gnoll is poisoned.
Your touch misses the gnoll.
The gnoll is moderately wounded.
The gnoll hits you from afar with a +0 spear.
The gnoll hits you with a +1 vorpal flail.
The lemure barely misses you. The lemure hits you.
Unknown command.
You hit the gnoll.
The gnoll is heavily wounded.
The gnoll hits you with a +1 vorpal flail!
* * * LOW HITPOINT WARNING * * *
The lemure barely misses you.
The gnoll hits you from afar with a +0 spear.
* * * LOW HITPOINT WARNING * * *
The lemure barely misses you.
As you read the scroll of teleportation, it crumbles to dust.
You feel strangely unstable. The gnoll completely misses you.
A gnoll bouda comes into view. It is wielding a +0 whip.
The gnoll hits you with a +1 vorpal flail!
* * * LOW HITPOINT WARNING * * *
You die...
Kikubaaqudgha rasps: "You have failed me!
Welcome... death!"

###.#####
###...........
#.Z.Z.# #
####.#..####
#####.# .#
#.##.# #.# ###.#
#######.....
#.###... ......
.##
#..(#.####......
###.......g....g
#.....55#...#
#.....@g5<#
##...###g.#
#.#.# .... ...
#.#.# ##.. ....
#.#.# # .....
#.#.# ..#....
#.#.# ........
..#.# ........
#.# ...#....


You could see 3 lemures, a gnoll bouda (wandering) and 3 gnolls.

Vanquished Creatures
  A water moccasin (D:4)
  A black bear (D:4)
  An ogre (D:4)
  A lemure (D:6)
  A kobold brigand (D:6)
  A bullfrog (D:6)
  Blork the orc (D:4)
  3 necrophages
  A scorpion (D:6)
  4 wights (D:6)
  2 hounds
  5 iguanas
  An orc wizard (D:6)
  3 gnolls (D:4)
  3 adders
  A shadow imp (D:5)
  2 ufetubi (D:5)
  2 worms
  5 dart slugs
  6 orcs
  3 ball pythons
  4 bats
  5 endoplasms
  A giant cockroach (D:4)
  5 goblins
  7 hobgoblins
  7 jackals
  8 kobolds
  3 frilled lizards
  6 rats
94 creatures vanquished.

Vanquished Creatures (collateral kills)
  An orc (D:6)
  2 endoplasms
  A goblin (D:1)
  A jackal (D:4)
  A ball python (D:2)
  A frilled lizard (D:3)
  2 butterflies (D:4)
9 creatures vanquished.

Vanquished Creatures (others)
  A scorpion zombie (D:6)
  2 kobold zombies (D:6)
  5 orc zombies (D:6)
8 creatures vanquished.

Grand Total: 111 creatures vanquished

Notes
Turn   | Place    | Note
-------+----------+-------------------------------------------
     0 | D:1      | Larmestyx the Demonspawn Necromancer began the quest for
                  | the Orb.
     0 | D:1      | Reached XP level 1. HP: 13/13 MP: 3/3
   238 | D:1      | You fall into a shaft and drop 1 floor!
   273 | D:2      | Gained mutation: Your touch may inflict minor irresistible
                  | damage on your foes. [demonic ancestry]
   273 | D:2      | Reached XP level 2. HP: 15/20 MP: 0/5
   513 | D:1      | Reached skill level 1 in Fighting
   897 | D:2      | Found an ornate altar of the Wu Jian Council.
  1069 | D:2      | Reached XP level 3. HP: 26/26 MP: 4/6
  2173 | D:3      | Found Ytuinke's Magic Scroll Shoppe.
  2176 | D:3      | Bought a scroll of identify for 28 gold pieces
  2176 | D:3      | Bought a scroll of identify for 28 gold pieces
  2300 | D:3      | Reached skill level 5 in Necromancy
  2562 | D:4      | Found a snail-covered altar of Cheibriados.
  2571 | D:4      | Gained mutation: Your touch may inflict irresistible damage
                  | on your foes. [demonic ancestry]
  2571 | D:4      | Reached XP level 4. HP: 29/33 MP: 2/8
  2621 | D:4      | Noticed an ogre
  2634 | D:4      | Noticed a necrophage
  2730 | D:4      | Noticed a water moccasin
  2736 | D:4      | Killed a water moccasin
  2737 | D:4      | Reached XP level 5. HP: 36/41 MP: 5/10
  2916 | D:4      | Gained mutation: You regenerate a little health from kills.
                  | [demonic ancestry]
  2916 | D:4      | Reached XP level 6. HP: 39/47 MP: 7/11
  2990 | D:4      | Found a shimmering altar of Xom.
  3026 | D:4      | Noticed Blork the orc
  3035 | D:4      | Killed Blork the orc
  3036 | D:4      | Reached skill level 6 in Necromancy
  3329 | D:4      | Learned a level 3 spell: Vampiric Draining
  3334 | D:4      | Learned a level 4 spell: Animate Dead
  3675 | D:4      | Gained mutation: You sometimes gain a little power by
                  | taking damage. [demonic ancestry]
  3675 | D:4      | Reached XP level 7. HP: 44/54 MP: 5/13
  3717 | D:4      | Found a broken altar of Ashenzari.
  3880 | D:5      | Entered Level 5 of the Dungeon
  3954 | D:5      | Noticed a yak
  3955 | D:5      | Noticed a yak
  3955 | D:5      | Noticed a yak
  3956 | D:5      | Noticed a yak
  3957 | D:5      | Noticed a yak
  3960 | D:5      | Noticed a yak
  4069 | D:5      | Found a staircase to the Ecumenical Temple.
  4078 | Temple   | Entered the Ecumenical Temple
  4078 | Temple   | Found a transporter.
  4078 | Temple   | Found a transporter.
  4080 | Temple   | Found a transporter.
  4080 | Temple   | Found a transporter.
  4092 | Temple   | Became a worshipper of Kikubaaqudgha
  4144 | D:5      | Reached skill level 7 in Necromancy
  4375 | D:6      | Reached skill level 5 in Spellcasting
  4377 | D:6      | Reached skill level 5 in Fighting
  4400 | D:6      | Gained mutation: Your touch may irresistibly damage your
                  | foes and sap their willpower. [demonic ancestry]
  4400 | D:6      | Reached XP level 8. HP: 52/62 MP: 1/15
  4675 | D:6      | Found a shadowy altar of Dithmenos.
  4866 | D:6      | Reached skill level 1 in Evocations
  4954 | D:6      | HP: 3/63 [gnoll/+1 vorpal flail[a gnoll bouda] (11)]
  4954 | D:6      | Slain by a gnoll

Illustrated notes

Levels and vault maps discovered:
D:1:      sevenhm_arrival_forest_fort_small_5, layout_basic
D:2:      layout_basic, basic_altar
D:3:      layout_rooms, mainiacjoe_overflow_alcove_1, serial_shops,
          nicolae_shop_behind_doors, minmay_close_crescents
D:4:      layout_loops_ring, mainiacjoe_overflow_six_doors_small,
          xom_butterflies, ashenzari_altar_1, uniq_blork_the_orc
D:5:      layout_rooms, minmay_temple_entry_slanted
D:6:      layout_rooms, mainiacjoe_overflow_boulevard, uniq_pikel
Temple:   hellmonk_temple_divided_pantheon

Skill      XL: |  1  2  3  4  5  6  7  8 |
---------------+-------------------------+-----
Fighting       | 1 2 3 4 5 |  5.5
Necromancy     | 5 6 7 |  7.6
Spellcasting   | 3 4 5 |  5.5
Evocations     | 1 |  1.2
Dodging        | |  1.7
Stealth        | |  1.7

Action                   |  1- 3 |  4- 6 |  7- 9 || total
-------------------------+-------+-------+-------++-------
Melee: Unarmed           |    20 |       |       ||    20
       Touch             |     3 |     2 |    15 ||    20
       Dagger            |     2 |    16 |    71 ||    89
       Punch             |       |     1 |     1 ||     2
 Cast: Necrotise         |    77 |    60 |    30 ||   167
       Vampiric Draining |       |       |     6 ||     6
       Animate Dead      |       |       |     2 ||     2
  Use: Scroll            |     3 |     1 |     4 ||     8
Armor: Robe              |     9 |     5 |     9 ||    23
Dodge: Dodged            |    16 |    27 |    46 ||    89
